 Dungeon Crawl Stone Soup version 0.30-a0-799-g109b55a442 (webtiles) character file.

Game seed: 7413671309825923198

86083 avis the Marksdemigod (level 15, -13/129 HPs)
             Began as a Demigod Ice Elementalist on Feb 18, 2023.
             Mangled by a spark wasp (14 damage)
             ... on level 2 of the Spider Nest on Feb 21, 2023.
             The game lasted 03:39:14 (30664 turns).

avis the Marksdemigod (Demigod Ice Elementalist)   Turns: 30664, Time: 03:39:15

Health: -13/129    AC: 19    Str:  8 (9)  XL:     15   Next: 1%
Magic:  21/25      EV: 25    Int: 20 (23) God:
Gold:   2906       SH:  0    Dex: 35 (40) Spells: 13/22 levels left

rFire   . . .      SeeInvis .    b - +3 greatsling "Punk" {acid, rCorr}
rCold   . . .      Faith    .    (no shield)
rNeg    . . .      Spirit   .    y - +3 leather armour {rPois}
rPois   +          Reflect  .    F - +1 helmet
rElec   .          Harm     .    v - +0 cloak
rCorr   +          Rampage  .    (no gloves)
Will    +....                    T - +2 pair of boots
Stlth   ++++                     p - amulet of magic regeneration
HPRegen 0.41/turn                c - +6 ring of intelligence
MPRegen 0.59/turn                n - +6 ring of dexterity

@: ice-armoured, freezing walls
A: high MP 1, forlorn, divine attributes
a: no special abilities


You were on level 2 of the Spider Nest.
You visited 5 branches of the dungeon, and saw 22 of its levels.
You also visited: Ossuary.

You collected 3049 gold pieces.
You spent 143 gold pieces at shops.

Inventory:

Hand Weapons
 a - a +5 vampiric scimitar
 b - the +3 greatsling "Punk" (weapon) {acid, rCorr}
   (You acquired it on level 1 of the Lair of Beasts)

   rCorr:     It protects you from acid and corrosion.
 w - a +4 scimitar of flaming
 A - a +4 heavy great sword
Missiles
 K - 2 throwing nets
 Q - 3 javelins
Armour
 v - a +0 cloak (worn)
 y - a +3 leather armour of poison resistance (worn)
 C - a +1 robe of cold resistance
 F - a +1 helmet (worn)
 T - a +2 pair of boots (worn)
Magical Staves
 d - a staff of earth
 D - a staff of earth
Jewellery
 c - a +6 ring of intelligence (left hand)
 n - a +6 ring of dexterity (right hand)
 p - an amulet of magic regeneration (around neck)
 q - a ring of fire
 u - a ring of protection from cold
 E - a ring of see invisible
 S - an amulet of magic regeneration
Wands
 h - a wand of paralysis (22)
 j - a wand of roots (19)
 B - a wand of polymorph (31)
 G - a wand of mindburst (14)
 L - a wand of acid (19)
 R - a wand of flame (13)
Scrolls
 e - a scroll of acquirement
 g - 2 scrolls of identify
 k - 9 scrolls of teleportation
 l - 5 scrolls of poison
 m - 2 scrolls of fog
 t - 3 scrolls of fear
 x - 8 scrolls of blinking
 z - a scroll of magic mapping
 M - 4 scrolls of silence
 N - 2 scrolls of enchant weapon
 O - a scroll of butterflies
Potions
 f - 4 potions of berserk rage
 i - 7 potions of curing
 o - 2 potions of invisibility
 r - 5 potions of resistance
 s - 5 potions of might
 H - 6 potions of lignification
 I - 2 potions of haste
 J - 2 potions of flight
 P - a potion of brilliance {unknown}
 U - 3 potions of magic


   Skills:
 - Level 11.0 Fighting
 - Level 6.0 Long Blades
 * Level 15.9 Ranged Weapons
 - Level 5.0 Armour
 - Level 11.0 Dodging
 - Level 5.0 Stealth
 - Level 4.0 Spellcasting
 - Level 10.0 Ice Magic


You had 13 spell levels left.
You knew the following spells:

 Your Spells              Type           Power      Damage    Failure   Level
a - Freeze                Ice            100%       1d10      1%          1
c - Passwall              Tmut/Erth      3%         N/A       26%         2
o - Ozocubu's Armour      Ice            44%        N/A       1%          3
r - Frozen Ramparts       Ice            88%        1d14      1%          3

Your spell library contained the following spells:

 Spells                   Type           Power      Damage    Failure   Level
 Hailstorm                Conj/Ice       24%        3d7       7%          3
 Kiss of Death            Conj/Necr      16%        2d6       17%         1
 Necrotise                Necr           16%        1d4       17%         1
 Sandblast                Erth           8%         2d5       17%         1
 Sting                    Tmut/Pois      16%        1d3       17%         1
 Summon Ice Beast         Ice/Summ       24%        N/A       22%         4
 Poisonous Vapours        Pois/Air       8%         N/A       26%         2
 Confusing Touch          Hex            4%         N/A       45%         3
 Stone Arrow              Conj/Erth      8%         3d7       45%         3
 Vampiric Draining        Necr           4%         2d6       45%         3
 Cause Fear               Hex            2%         N/A       86%         4
 Dispel Undead            Necr           4%         3d7       86%         4
 Olgreb's Toxic Radiance  Pois           4%         N/A       86%         4
 Agony                    Necr           4%         N/A       99%         5
 Summon Mana Viper        Hex/Summ       4%         N/A       99%         5
 Dragon Form              Tmut           2%         N/A       100%        7
 Monstrous Menagerie      Summ           2%         N/A       100%        7
 Dragon's Call            Summ           2%         N/A       100%        9


Dungeon Overview and Level Annotations

Branches:
Dungeon (13/15)            Temple (1/1) D:6            Lair (5/5) D:9
 Shoals (0/4) Lair:3       Spider (2/4) Lair:2        Slime (0/5) Lair:4
    Orc (1/2) D:12         Vaults (0/5) D:13        Ossuary (visited)

Shops:
D:10 *

Portals:
Hell: Lair:5

Annotations:
D:12 1 runed translucent door


Innate Abilities, Weirdness & Mutations

You have an increased reservoir of magic. (+10% MP)
You shall have no god before yourself.
Your divine heritage dramatically boosts your attributes as you level up.


Message History

An orb spider and a tarantella come into view.
The orb spider's many legs skitter faintly.
A spark wasp comes into view.
The orb spider pulsates with a strange energy.
The spark wasp buzzes angrily.
You hear a faint skittering sound.
The orb spider weaves a glowing orb of energy.
An orb of destruction comes into view.
The redback attacks as you move away! The redback bites you.
You are poisoned.
The redback poisons you!
You feel extremely sick.
The spark wasp bursts into living lightning!
The living lightning hits you!
The spark wasp blinks!
Casting: Frozen Ramparts (safe; 1% risk of failure)
Confirm with . or Enter, or press ? or * to list all spells.
A film of ice covers your body!
You feel extremely sick. The spark wasp stings you!! The spark wasp shocks you!
The redback completely misses you.
The orb spider pulsates with a strange energy.
The spark wasp barely misses you. The redback barely misses you.
Casting: Ozocubu's Armour (safe; 1% risk of failure)
Confirm with . or Enter, or press ? or * to list all spells.
Casting: Frozen Ramparts (safe; 1% risk of failure)
Press: ? - help, Dir - look around, f - activate The walls around you are covered in ice.
You feel very sick.
The wall freezes the spark wasp.
The spark wasp closely misses you.
The wall freezes the redback.
The redback bites you but does no damage.
The orb of destruction hits you!!!
* * * LOW HITPOINT WARNING * * *
You feel better.
The wall freezes the spark wasp.
The spark wasp completely misses you.
The wall freezes the redback.
The redback bites you but does no damage.
The orb spider weaves a glowing orb of energy.
The wall freezes the spark wasp!
The spark wasp stings you!!
* * * LOW HITPOINT WARNING * * *
The spark wasp shocks you!
You die...

#.###..........##^#..#...
..[ ###..................
... #...^......^.#....[
.#. #..###...#.#.......
#....##...#....
##...^#........
##.....#........
####......#........
#y@s..#...##......
##^○^.....# ...#
#..#°.........
##.......)....
#.....°s....#...
.......*..!.....
........s.^.....
!.....#.......s
.........s.....


You could see a spark wasp, an orb spider, a tarantella and a redback.

Vanquished Creatures
  Rupert (Spider:1)
  Jorgrun (Spider:1)
  Frances (D:11)
  2 ghost moths (Spider:1)
  A spark wasp (Spider:1)
  Josephine (D:11)
  3 entropy weavers
  4 hydras
  2 boulder beetles
  2 catoblepae
  A rakshasa (D:13)
  3 centaur warriors (D:13)
  Erica (D:9)
  3 two-headed ogres
  5 death yaks (Lair:5)
  4 skysharks
  A sun demon (Lair:5)
  A sun moth (Spider:2)
  2 pharaoh ants (Spider:1)
  8 orb spiders
  A wizard (Lair:5)
  A steelbarb worm (Spider:1)
  A lindwurm (D:13)
  2 oklob plants
  4 wolf spiders
  6 cyclopes
  An ugly thing (D:11)
  6 elephants
  2 demonic crawlers (Spider:1)
  2 torpor snails
  A water nymph (shapeshifter) (D:13)
  2 black mambas
  2 orange demons (Lair:5)
  8 cane toads
  An unseen horror (D:11)
  Psyche (D:8)
  12 komodo dragons
  4 rime drakes
  A yaktaur (D:13)
  Maggie (D:9)
  3 ice devils (Lair:5)
  3 meliai (D:13)
  2 trolls
  A red devil (Lair:5)
  A tarantella (shapeshifter) (D:13)
  A hellwing (Lair:5)
  A polar bear (Lair:5)
  7 tarantellas
  A hornet (D:11)
  4 dream sheep (Lair:5)
  34 blink frogs
  8 slime creatures
  2 vampires
  15 jumping spiders
  13 culicivoras
  2 water elementals (D:13)
  49 yaks
  5 wraiths
  8 wyverns
  A basilisk (D:12)
  Grum (D:11)
  14 redbacks
  A steam dragon (D:10)
  3 vampire mosquitoes (D:13)
  The ghost of porpoise the Sneak, an amateur GnEn (D:4)
  3 acid dragons
  4 hell hounds (Lair:5)
  10 water moccasins
  An ice beast (D:6)
  4 orc warriors
  3 black bears
  2 sky beasts
  An ogre (D:12)
  18 wolves
  15 centaurs
  A phantom (D:7)
  4 kobold brigands
  10 bullfrogs
  2 necrophages
  A gnoll sergeant (D:9)
  A scorpion (D:5)
  2 water moccasin zombies (Ossuary)
  13 wights
  6 killer bees (D:10)
  3 electric eels
  4 centaur zombies (D:7)
  3 hounds
  3 jellies
  11 orc priests
  12 orc wizards
  2 mummies (Ossuary)
  8 gnolls
  11 adders
  2 shadow imps
  5 white imps
  8 adder zombies (Ossuary)
  A worm (D:2)
  5 dart slugs
  28 orcs
  6 ball pythons
  5 bats
  9 endoplasms
  A giant cockroach (D:1)
  5 gnoll zombies (Ossuary)
  11 hobgoblins
  A jackal (D:3)
  5 quokkas
  4 frilled lizards
  14 goblins
  7 hobgoblin zombies (Ossuary)
  16 kobolds
  9 kobold zombies (Ossuary)
  7 orc zombies (Ossuary)
  9 rats
  5 bushes (Lair:1)
  A butterfly (D:6)
609 creatures vanquished.

Vanquished Creatures (others)
  13 fungi
  29 plants
  15 toadstools (Lair:1)
  7 withered plants (D:7)
64 creatures vanquished.

Grand Total: 673 creatures vanquished

Notes
Turn   | Place    | Note
-------+----------+-------------------------------------------
     0 | D:1      | avis the Demigod Ice Elementalist began the quest for the
                  | Orb.
     0 | D:1      | Reached XP level 1. HP: 14/14 MP: 5/5
   210 | D:1      | Reached XP level 2. HP: 20/20 MP: 5/7
   675 | D:1      | Reached XP level 3. HP: 26/26 MP: 9/9
   679 | D:1      | Learned a level 3 spell: Frozen Ramparts
   683 | D:1      | Learned a level 3 spell: Ozocubu's Armour
  1806 | D:3      | Reached XP level 4. HP: 17/33 MP: 3/10
  1810 | D:3      | Reached skill level 5 in Ice Magic
  2234 | D:3      | You fall into a shaft and drop 1 floor!
  2843 | D:3      | Noticed a kobold brigand
  2850 | D:3      | Noticed a kobold brigand
  2852 | D:3      | Killed a kobold brigand
  2853 | D:3      | Reached XP level 5. HP: 32/38 MP: 4/11
  2860 | D:3      | Reached skill level 2 in Ranged Weapons
  3601 | D:4      | Reached XP level 6. HP: 45/45 MP: 6/12
  3690 | D:4      | Reached skill level 3 in Ranged Weapons
  3863 | D:4      | Found a runed translucent door.
  3871 | D:4      | Noticed porpoise's ghost (amateur GnEn)
  4234 | D:5      | Entered Level 5 of the Dungeon
  4278 | D:5      | Reached skill level 4 in Ranged Weapons
  4442 | D:5      | Found a sand-covered staircase.
  4446 | Ossuary  | Entered an ossuary
  4742 | Ossuary  | Reached skill level 5 in Ranged Weapons
  4742 | Ossuary  | Reached XP level 7. HP: 42/50 MP: 13/13
  5419 | D:5      | Reached skill level 6 in Ranged Weapons
  5822 | D:6      | Found a staircase to the Ecumenical Temple.
  6531 | D:6      | Reached XP level 8. HP: 52/57 MP: 11/15
  6969 | Temple   | Entered the Ecumenical Temple
  7038 | D:6      | HP: 2/57 [ice beast (11)]
  7232 | D:7      | Reached skill level 7 in Ranged Weapons
  7578 | D:7      | Reached skill level 8 in Ranged Weapons
  7637 | D:7      | Reached skill level 1 in Fighting
  8417 | D:7      | Reached XP level 9. HP: 65/65 MP: 12/16
  8535 | D:7      | Reached skill level 9 in Ranged Weapons
  8881 | D:8      | Noticed Psyche
  8899 | D:8      | Killed Psyche
  9004 | D:8      | Noticed an angel
  9730 | D:8      | Reached skill level 10 in Ranged Weapons
 10136 | D:9      | Found a staircase to the Lair.
 10205 | D:9      | Noticed an elephant
 10507 | D:9      | Noticed Erica
 10523 | D:9      | Killed Erica
 10524 | D:9      | Reached XP level 10. HP: 78/78 MP: 9/17
 10724 | D:9      | Noticed Maggie
 10730 | D:9      | Killed Maggie
 10734 | D:9      | Killed an elephant
 10735 | D:9      | Reached skill level 11 in Ranged Weapons
 10989 | D:9      | Reached skill level 5 in Fighting
 11279 | D:9      | Upgraded the game from 0.30-a0-782-ge64f9170bb to
                  | 0.30-a0-793-g160f7cfddd
 11680 | D:10     | Entered Level 10 of the Dungeon
 11680 | D:10     | Noticed a two-headed ogre
 11787 | D:10     | Noticed a two-headed ogre
 11810 | D:10     | Killed a two-headed ogre
 11811 | D:10     | Reached skill level 5 in Dodging
 11813 | D:10     | Killed a two-headed ogre
 11814 | D:10     | Reached skill level 5 in Stealth
 12228 | D:10     | Found Vonibbech's Hallowed Reliquary.
 12230 | D:10     | Noticed an angel
 12240 | D:10     | Reached skill level 12 in Ranged Weapons
 12250 | D:10     | Reached XP level 11. HP: 54/88 MP: 8/19
 12685 | D:11     | Noticed Grum
 12686 | D:11     | Noticed Josephine
 12722 | D:11     | Noticed a two-headed ogre
 12732 | D:11     | Killed a two-headed ogre
 12956 | D:11     | Killed Grum
 13238 | D:11     | Found the +2 cloak of the Thief {*Fog Slay-2 SInv Stlth+}
 13699 | D:10     | Bought a potion of heal wounds for 65 gold pieces
 13699 | D:10     | Bought a potion of curing for 39 gold pieces
 13699 | D:10     | Bought a potion of curing for 39 gold pieces
 13900 | Lair:1   | Entered Level 1 of the Lair of Beasts
 13957 | Lair:1   | Reached skill level 13 in Ranged Weapons
 16165 | Lair:2   | Found a hole to the Spider Nest.
 16165 | Lair:2   | Noticed an orb spider
 16362 | Lair:2   | Killed an orb spider
 17001 | Lair:2   | Noticed a skyshark
 17009 | Lair:2   | Killed a skyshark
 17344 | Lair:2   | Reached XP level 12. HP: 100/100 MP: 14/20
 17564 | Lair:1   | Identified 2 scrolls of acquirement
 17566 | Lair:1   | Acquired 934 gold pieces
 17568 | Lair:1   | Acquired the +3 greatsling "Punk" {acid, rCorr}
 17568 | Lair:1   | Found the +3 greatsling "Punk" {acid, rCorr}
 17627 | Lair:3   | Noticed a catoblepas
 17632 | Lair:3   | Killed a catoblepas
 17633 | Lair:3   | Reached skill level 14 in Ranged Weapons
 17740 | Lair:3   | Found a staircase to the Shoals.
 17789 | Lair:3   | Noticed an eight-headed hydra
 17803 | Lair:3   | Killed an eight-headed hydra
 19621 | Lair:4   | Found a staircase to the Slime Pits.
 20071 | Lair:1   | Acquired 794 gold pieces
 20164 | D:4      | Killed porpoise's ghost
 20671 | D:12     | Noticed Frances
 20689 | D:11     | Killed Frances
 21386 | D:12     | Noticed a boulder beetle
 21394 | D:12     | Killed a boulder beetle
 21812 | D:12     | Found a staircase to the Orcish Mines.
 21995 | D:12     | Found a runed translucent door.
 21997 | D:12     | Noticed a balrug
 22323 | Lair:1   | Upgraded the game from 0.30-a0-793-g160f7cfddd to
                  | 0.30-a0-799-g109b55a442
 22388 | Lair:5   | Entered Level 5 of the Lair of Beasts
 22394 | Lair:5   | Reached XP level 13. HP: 111/111 MP: 18/22
 22694 | Lair:5   | Reached skill level 10 in Ice Magic
 22899 | Lair:5   | Reached skill level 10 in Fighting
 23173 | Lair:5   | Reached skill level 10 in Dodging
 23201 | Lair:5   | Reached skill level 1 in Armour
 23530 | Lair:5   | Reached skill level 5 in Armour
 23573 | Lair:5   | Identified the -1 pair of boots of Womovixo {rPois}
 24343 | Lair:5   | Reached XP level 14. HP: 121/121 MP: 24/24
 24412 | Lair:5   | Found a gateway to Hell.
 24696 | D:11     | Killed Josephine
 25370 | Orc:1    | Entered Level 1 of the Orcish Mines
 25547 | D:13     | Reached skill level 15 in Ranged Weapons
 26265 | D:13     | Identified the +2 scale mail of Bedevilment {Harm Stlth+}
 26882 | D:13     | Found a gate to the Vaults.
 27157 | Spider:1 | Entered Level 1 of the Spider Nest
 27493 | Lair:2   | Reached skill level 1 in Long Blades
 27628 | Spider:1 | Learned a level 2 spell: Passwall
 28274 | Spider:1 | Noticed Rupert
 28291 | Spider:1 | Killed Rupert
 28292 | Spider:1 | Reached skill level 5 in Long Blades
 28368 | Spider:1 | Noticed Jorgrun
 28397 | Spider:1 | Killed Jorgrun
 29156 | Spider:1 | Noticed a ghost moth
 29174 | Spider:1 | Killed a ghost moth
 29466 | Spider:2 | Noticed a ghost moth
 29484 | Spider:1 | Killed a ghost moth
 30603 | Spider:2 | Reached XP level 15. HP: 129/129 MP: 21/25
 30664 | Spider:2 | HP: 1/129 [spark wasp (20)]
 30664 | Spider:2 | Mangled by a spark wasp

Illustrated notes

Levels and vault maps discovered:
D:1:      minmay_arrival_five_plusses, layout_rooms, serial_bayou,
          serial_bayou_pond_b, serial_bayou_pond_d, serial_bayou_lagoon_b,
          serial_bayou_shore_b, st_stairs_3, nicolae_kite_square_tiling_tiny
D:2:      layout_rooms, serial_bayou, serial_bayou_shore_b, serial_bayou_pond_b,
          serial_bayou_pond_c, serial_bayou_crossing
D:3:      cheibrodos_thug_alley, layout_basic, lemuel_round_altar,
          mainiacjoe_overflow_small_starburst, lemuel_coloured_pillars_altar,
          st_stairs_11, wander_ebering_terrifying_dragon_lair
D:4:      layout_cave_pools, ebering_ghost_sewer_d, minivault_1, eino_curves_01,
          chequers_serial_rivers_micro_a
D:5:      layout_basic, lightli_temple_of_fire, nicolae_ossuary_entry_plus,
          minmay_diced_spiral
D:6:      layout_gridville, mainiacjoe_overflow_alcove_4,
          minmay_temple_entry_butterflies
D:7:      layout_basic, gammafunk_temple_overflow_statue, lemuel_tele_altar,
          serial_undead, serial_undead_b, serial_undead_d, serial_undead_b,
          serial_undead_b, serial_undead_e, serial_undead_e
D:8:      layout_cave_pools, grunt_temple_overflow_order_and_chaos_1,
          chequers_temple_overflow_minitemple, uniq_psyche
D:9:      layout_grid_maze, david_lair_generic, enter_bailey_3, uniq_erica,
          uniq_maggie
D:10:     layout_cave_pools, nicolae_good_shop
D:11:     layout_roguey, minivault_10, grunt_decor_fettered, uniq_grum,
          uniq_josephine
D:12:     dreamdust_dug_too_deep, layout_cave_pools, david_orc_2, uniq_frances
D:13:     layout_basic, david_vaults_4
Temple:   hellmonk_temple_of_storms
Lair:1:   layout_layer_cave, tgw_fedhas, serial_bayou_shore_a
Lair:2:   layout_cave_pods, nicolae_spider_entry_orb_guardian
Lair:3:   layout_long_grid, shoals_dummy_entry
Lair:4:   layout_roguey, dpeg_slime_entry_enclosed
Lair:5:   evil_forest, layout_big_grid
Spider:1: layout_spider_delve, nicolae_spider_orb_run, uniq_jorgrun, uniq_rupert
Spider:2: layout_spider_delve, hellmonk_spider_spawner
Orc:1:    layout_caves, serial_shops, nicolae_shop_stone

Skill      XL: |  1  2  3  4  5  6  7  8  9 10 11 12 13 14 |
---------------+-------------------------------------------+-----
Ice Magic      | 4 6 7 8 10 | 10.0
Spellcasting   | 2 3 4 |  4.0
Ranged Weapons | 2 5 6 8 10 12 13 14 15 | 15.9
Fighting       | 2 4 5 7 9 10 11 | 11.0
Dodging        | 2 4 5 7 9 10 11 | 11.0
Stealth        | 2 4 5 |  5.0
Armour         | 5 |  5.0
Long Blades    | 6 |  6.0

Action                     |  1- 3 |  4- 6 |  7- 9 | 10-12 | 13-15 || total
---------------------------+-------+-------+-------+-------+-------++-------
  Melee: Dagger            |     6 |    11 |    15 |       |       ||    32
         Falchion          |       |       |    15 |       |       ||    15
         Scimitar          |       |       |    31 |     2 |    28 ||    61
         Unarmed           |       |       |     5 |       |       ||     5
         Punch             |       |       |     1 |       |       ||     1
   Fire: Sling             |    59 |   209 |   306 |       |       ||   574
         Arbalest          |       |       |    66 |   321 |       ||   387
         Greatsling        |       |       |       |   234 |   735 ||   969
   Cast: Freeze            |    41 |     5 |       |       |       ||    46
         Frozen Ramparts   |     4 |    19 |    35 |    47 |    43 ||   148
         Ozocubu's Armour  |     1 |    12 |    40 |    55 |    66 ||   174
         Passwall          |       |       |       |       |    48 ||    48
  Evoke: Wand              |       |       |     1 |       |       ||     1
    Use: Potion            |     1 |       |     4 |     3 |     9 ||    17
         Scroll            |       |       |    15 |    13 |     4 ||    32
   Stab: Sleeping          |     1 |       |       |       |       ||     1
 Armour: Robe              |    16 |    47 |   104 |       |       ||   167
         Acid dragon scale |       |       |    18 |    66 |       ||    84
         Skin              |       |       |     3 |       |       ||     3
         Leather armour    |       |       |       |     7 |   115 ||   122
  Dodge: Dodged            |    41 |    58 |   167 |   248 |   512 ||  1026

Table legend: (Time is in decaauts)
 A = Elapsed time spent in this place.
 B = Non-inter-level travel time spent in this place.
 C = Inter-level travel time spent in this place.
 D = Time resting spent in this place.
 E = Time spent auto-exploring this place.
 F = Levels seen in this place.
 G = Mean time per level.
                   A        B        C        D        E       F      G
               +--------+--------+--------+--------+--------+-----+--------+
         Total |  30812 |  25621 |   5191 |   8238 |  10281 |  23 | 1339.7 |
       Dungeon |  18183 |  14598 |   3585 |   4244 |   6463 |  13 | 1398.7 |
        Temple |     57 |     49 |      8 |      0 |      0 |   1 |   57.0 |
          Lair |   8896 |   7507 |   1389 |   2198 |   3638 |   5 | 1779.2 |
   Spider Nest |   3140 |   2932 |    208 |   1556 |    180 |   2 | 1570.0 |
  Orcish Mines |      4 |      4 |      0 |      0 |      0 |   1 |    4.0 |
       Ossuary |    530 |    530 |      0 |    239 |      0 |   1 |  530.0 |
               +--------+--------+--------+--------+--------+-----+--------+

Top non-repeatable levels by time:
Spider:1: 2750 daAuts
  Lair:1: 2441 daAuts
  Lair:2: 2131 daAuts
    D:11: 1950 daAuts
     D:6: 1942 daAuts
     D:9: 1925 daAuts
  Lair:5: 1760 daAuts
    D:12: 1739 daAuts
     D:3: 1617 daAuts
     D:7: 1610 daAuts
  Lair:4: 1369 daAuts
     D:8: 1247 daAuts
    D:13: 1198 daAuts
  Lair:3: 1193 daAuts
     D:1: 1186 daAuts
